 Dungeon Crawl Stone Soup version 0.24-a0-530-g18ba70b503 (webtiles) character file.

Game seed: 3464588146427959033

471 Mithandil the Conjurer (level 7, -1/39 HPs)
             Began as a Tengu Conjurer on Aug 8, 2019.
             Was an Initiate of Vehumet.
             Slain by an ice beast (8 damage)
             ... on level 6 of the Dungeon.
             The game lasted 00:24:37 (4184 turns).

Mithandil the Conjurer (Tengu Conjurer)             Turns: 4184, Time: 00:24:38

Health: -1/39      AC:  4    Str: 10    XL:     7   Next: 9%
Magic:  1/22       EV: 15    Int: 16    God:    Vehumet [......]
Gold:   199        SH:  4    Dex: 14    Spells: 1/12 levels left

rFire    . . .     SeeInvis .   b - +1 hand axe (freeze)
rCold    . . .     Gourm    .   e - +0 buckler
rNeg     . . .     Faith    .   h - +1 leather armour
rPois    .         Spirit   .   (helmet restricted)
rElec    .         Reflect  .   (no cloak)
rCorr    .         Harm     .   (no gloves)
MR       .....                  (boots unavailable)
Stlth    ++........             (no amulet)
HPRegen  0.13/turn              i - ring of magical power
MPRegen  0.18/turn              (no ring)

@: flying quickly and evasively, quick
A: beak, talons 3, able to fly
a: Stop Flying, Renounce Religion


You were on level 6 of the Dungeon.
You worshipped Vehumet.
Vehumet was noncommittal.
You were not hungry.

You visited 2 branches of the dungeon, and saw 7 of its levels.

You collected 199 gold pieces.

Inventory:

Hand Weapons
 a - a +2 spear of freezing
 b - a +1 hand axe of freezing (weapon)
 q - a cursed -3 trident
 r - a +0 hunting sling
Missiles
 j - 155 stones
 m - 45 sling bullets
 s - 75 bolts
 w - 5 atropa-tipped darts (quivered)
 x - 37 arrows
 A - 17 poisoned darts
 C - 2 throwing nets
Armour
 e - a +0 buckler (worn)
 h - a +1 leather armour (worn)
Jewellery
 i - a ring of magical power (left hand)
 o - a cursed amulet of inaccuracy {unknown}
 z - an uncursed amulet of the gourmand {unknown}
Wands
 t - a wand of disintegration (16)
 v - a wand of iceblast (7)
 B - a wand of random effects (23)
Scrolls
 d - a scroll of blinking
 l - a scroll of enchant armour
 p - a scroll of fear
 y - 5 scrolls of teleportation
Potions
 f - a potion of agility {unknown}
 g - 3 potions of curing {unknown}
 k - a potion of ambrosia {unknown}
 n - a potion of might {unknown}
 u - a potion of berserk rage {unknown}
 D - 2 potions of lignification {unknown}
 E - a potion of resistance {unknown}
Comestibles
 c - 10 rations
 F - a chunk of flesh


   Skills:
 + Level 1.9 Fighting
 + Level 1.8 Polearms
 + Level 3.2 Dodging
 + Level 3.1 Stealth
 * Level 2.5 Shields
 * Level 3.3 Spellcasting
 * Level 6.8 Conjurations
 + Level 1.2 Translocations


You had one spell level left.
You knew the following spells:

 Your Spells              Type           Power        Failure   Level  Hunger
a - Magic Dart            Conj           ###.         1%          1    None
b - Searing Ray           Conj           ###...       2%          2    ##.....
c - Force Lance           Conj/Tloc      ###.....     50%         4    ####...
d - Iskenderun's Mystic   Conj           ###.....     17%         4    ####...

Your spell library contained the following spells:

 Spells                   Type           Power        Failure   Level  Hunger
 Dazzling Spray           Conj/Hex       ##....       22%         3    ###....
 Fulminant Prism          Conj/Hex       ##........   56%         4    ####...


Dungeon Overview and Level Annotations

Branches:
Dungeon (6/15)             Temple (1/1) D:5

Altars:
Ashenzari
Dithmenos
Elyvilon
Fedhas
Gozag
Hepliaklqana
Kikubaaqudgha
Okawaru
Qazlal
Ru
Sif Muna
Trog
Uskayaw
Vehumet
Wu Jian
Xom
Zin
The Shining One

Shops:
D:5 =


Innate Abilities, Weirdness & Mutations

You have a beak for a mouth.
You have claws for feet.
You can fly continuously.


Message History

Confirm with . or Enter, or press ? or * to list all spells.
Aiming: Magic Dart (safe; 1% risk of failure)
Press: ? - help, Shift-Dir - straight line, f/p - ice beast
Aim: an ice beast (almost dead)
The magic dart hits the ice beast.
The ice beast is almost dead.
The ice beast barely misses you.
Your +2 spear of freezing stops glowing.
Your +1 hand axe of freezing glows with a cold blue light!
b - a +1 hand axe of freezing (weapon)
You closely miss the ice beast.
You claw the ice beast, but do no damage.
The ice beast is almost dead.
You block the ice beast's attack.
You closely miss the ice beast. Your kick misses the ice beast.
The ice beast is almost dead.
You block the ice beast's attack. The ice beast hits you.
* * * LOW HITPOINT WARNING * * *
The ice beast freezes you!
You die...

.......................
...#....................
...$#...>...............
....#..<......).........
.. #..................
##..............###
#.............###
..........Y....#
........###@.#.##
.......... ####.#
...........# .. ##. ##


You could see an ice beast.

Vanquished Creatures
  A scorpion (D:6)
  A centaur zombie (D:5)
  A jelly (D:4)
  2 hounds
  Natasha (thrice) (D:3)
  5 worker ants
  3 adders
  An adder skeleton (D:4)
  A worm (D:2)
  A dart slug (D:2)
  3 leopard geckos
  6 orcs
  4 giant cockroaches
  7 goblins
  9 hobgoblins
  2 jackals (D:4)
  8 kobolds
  6 bats
  3 frilled lizards
  13 rats
80 creatures vanquished.

Vanquished Creatures (others)
  A quokka (D:4)
1 creature vanquished.

Grand Total: 81 creatures vanquished

Notes
Turn   | Place    | Note
-------+----------+-------------------------------------------
     0 | D:1      | Mithandil the Tengu Conjurer began the quest for the Orb.
     0 | D:1      | Reached XP level 1. HP: 10/10 MP: 4/4
   217 | D:1      | Reached XP level 2. HP: 16/16 MP: 1/6
   221 | D:1      | Learned a level 2 spell: Searing Ray
   784 | D:1      | Reached XP level 3. HP: 20/20 MP: 7/7
   956 | D:2      | HP: 1/20 [hobgoblin/+0 club (4)]
  1272 | D:3      | Found an iron altar of Okawaru.
  1316 | D:2      | Found a stormy altar of Qazlal.
  1333 | D:2      | Reached skill level 1 in Fighting
  1565 | D:2      | Found a deep blue altar of Sif Muna.
  1653 | D:2      | Found a bloodstained altar of Trog.
  1653 | D:2      | Found a glowing silver altar of Zin.
  1654 | D:2      | Reached XP level 4. HP: 25/25 MP: 8/8
  1660 | D:2      | Learned a level 4 spell: Force Lance
  1704 | D:3      | Found a faded altar of an unknown god.
  1870 | D:3      | Found an ornate altar of the Wu Jian Council.
  1910 | D:3      | Noticed Natasha
  1914 | D:3      | Killed Natasha
  1914 | D:3      | Reached skill level 1 in Shields
  1914 | D:3      | Reached skill level 6 in Conjurations
  1960 | D:3      | Noticed Natasha
  1964 | D:3      | Killed Natasha
  1964 | D:3      | Reached skill level 1 in Polearms
  2020 | D:3      | Gained mutation: You can fly continuously. [Tengu growth]
  2020 | D:3      | Reached XP level 5. HP: 28/29 MP: 10/10
  2169 | D:3      | Noticed Natasha
  2175 | D:3      | Killed Natasha
  2670 | D:4      | Found a white marble altar of Elyvilon.
  2719 | D:4      | Reached XP level 6. HP: 20/34 MP: 11/11
  2957 | D:4      | Reached skill level 1 in Translocations
  3037 | D:5      | Entered Level 5 of the Dungeon
  3689 | D:5      | Found Ejoufuro's Jewellery Boutique.
  3716 | D:5      | Found a staircase to the Ecumenical Temple.
  3720 | Temple   | Entered the Ecumenical Temple
  3785 | Temple   | Became a worshipper of Vehumet
  4106 | D:6      | Learned a level 4 spell: Iskenderun's Mystic Blast
  4130 | D:6      | Reached XP level 7. HP: 33/39 MP: 4/13
  4184 | D:6      | Slain by an ice beast

Levels and vault maps discovered:
D:1:      lemuel_arrival_lava_pool, layout_loops_cross
D:2:      layout_rooms, lemuel_doored_altar, led_sif_pool,
          gammafunk_temple_overflow_pools
D:3:      layout_loops_corners, lemuel_round_altar, first_ration,
          chequers_ecumenical_altar_simple, minmay_misc_feat_tiny,
          supply_closet_lemuel, okawaru_gym_becter, uniq_natasha
D:4:      layout_loops_cross, elyvilon_altar_4
D:5:      layout_loops_ring, temple_statues, serial_shops, shop
D:6:      layout_cave_pools, kennysheep_mini_moat
Temple:   jpeg_temple_clearing

Skill      XL: |  1  2  3  4  5  6 |
---------------+-------------------+-----
Fighting       | 1 |  1.9
Shields        | 1 2 |  2.5
Conjurations   | 6 |  6.8
Polearms       | 1 |  1.8
Dodging        | 3 |  3.2
Spellcasting   | 3 |  3.3
Translocations | 1 |  1.2
Stealth        | 3 |  3.1

Action                   |  1- 3 |  4- 6 |  7- 9 || total
-------------------------+-------+-------+-------++-------
Melee: Unarmed           |     9 |       |       ||     9
       Kick              |     8 |     9 |     1 ||    18
       Spear             |    33 |    46 |       ||    79
       Peck              |     2 |     2 |       ||     4
       Hand axe          |       |       |     2 ||     2
 Cast: Magic Dart        |    44 |    56 |     3 ||   103
       Searing Ray       |     1 |     8 |     3 ||    12
 Abil: Fly               |       |     1 |       ||     1
  Use: Scroll            |     9 |     6 |       ||    15
 Stab: Sleeping          |     2 |     4 |       ||     6
       Distracted        |     1 |       |       ||     1
  Eat: Chunk             |     3 |     8 |       ||    11
Armor: Robe              |     1 |       |       ||     1
       Leather armour    |     5 |     9 |     1 ||    15
Dodge: Dodged            |    13 |    27 |     2 ||    42
Block: Buckler           |     3 |    10 |     2 ||    15

Table legend:
 A = Non-vault XP
 B = Vault XP
 C = Vault XP percentage of total XP
 D = Non-vault monster count
 E = Vault monster count
 F = Vault count percentage of total count
                 A         B        C        D         E       F
            +---------+---------+-------+---------+---------+-------
      Total |     638 |      35 |   5.2 |      79 |       1 |   1.2
            +---------+---------+-------+---------+---------+-------
        D:1 |      35 |       0 |   0.0 |      24 |       0 |   0.0
        D:2 |      47 |       0 |   0.0 |      19 |       0 |   0.0
        D:3 |     117 |      35 |  23.0 |      13 |       1 |   7.1
        D:4 |     184 |       0 |   0.0 |      12 |       0 |   0.0
        D:5 |     128 |       0 |   0.0 |       5 |       0 |   0.0
        D:6 |     127 |       0 |   0.0 |       6 |       0 |   0.0
            +---------+---------+-------+---------+---------+-------
